[Event "*** Titled Tuesday Blitz"]
[Site "Chess.com"]
[Date "2021.03.16"]
[Round "6"]
[White "Buffy7"]
[Black "Natalya_Buksa"]
[Result "0-1"]
[WhiteElo "2618"]
[BlackElo "2503"]
[TimeControl "180+1"]
[EndTime "11:06:53 PDT"]
[Termination "Natalya_Buksa won by resignation"]

1. e4 c5 2. Nf3 Nc6 3. d4 cxd4 4. Nxd4 Nf6 5. Nc3 e5 6. Ndb5 d6 7. Bg5 a6 8. Na3 b5 9. Nd5 Be7 10. Bxf6 Bxf6 11. c4 b4 12. Nc2 O-O 13. g3 a5 14.
Bg2 Rb8 15. b3 a4 16. O-O Qa5 17. Qd3 Bg5 18. f4 exf4 19. gxf4 Bh6 20. Nce3 Qc5 21. Kh1 a3 22. Rad1 Be6 23. Rg1 Kh8 24. Bf3 Rbd8 25. Rg2 Rfe8 26. Ng4 Bxg4 27. Rxg4 Ne7 28. Qf1 f5 29. Rg3 fxe4 30. Bxe4 Nxd5 31. Bxd5 Rf8 32. f5 Rde8 33. Rf3 Rf6 34. Qg2 Ref8 35. Be6 Qe5 36.
Rfd3 g6 37. Qg3 gxf5 38. Bd7 Qe4+ 39. Qf3 Bf4 40. Bc6 Qxf3+ 41. Bxf3 Re8 42. Rd5 Re3 43.
Bg2 Re2 44. Rb5 Rxa2 45. Rg1 Rg6 46. Rxb4 Be3 47. Rb8+ Kg7 48. Rb7+ Kh6 49. Rxh7+ Kxh7 0-1

[Event "*** Titled Tuesday Blitz"]
[Site "Chess.com"]
[Date "2021.03.16"]
[Round "6"]
[White "akanga001"]
[Black "pavelalexandru07"]
[Result "0-1"]
[WhiteElo "1971"]
[BlackElo "2294"]
[TimeControl "180+1"]
[EndTime "11:06:54 PDT"]
[Termination "pavelalexandru07 won by resignation"]

1. d4 Nf6 2. Nf3 c5 3. c3 e6 4. Bg5 h6 5. Bh4 b6 6. Nbd2 Bb7 7. e3 d6 8. Bd3 Be7 9. O-O Nbd7 10. Re1 O-O 11.
a4 Qc7 12. a5 Rfe8 13. a6 Bc6 14. b4 Nf8 15. b5 Bd7 16. c4 e5 17. dxe5 dxe5 18. Ne4 Nxe4 19. Bxe4 Rad8 20. Bd5 e4 21. Bxe7 Rxe7 22. Nd2 Bf5 23. Qc2 Qe5 24. Rad1 Nh7 25.
Nf1 Ree8 26. Ng3 Nf6 27. Bc6 Rf8 28. Nxf5 Qxf5 29. Rxd8 Rxd8 30. Rd1 Rxd1+ 31. Qxd1 Qe5 32. Qd8+ Kh7 33. g3 h5 34. Bd5 Kg6 35. h4 Qf5 36. Qc7 Qh3 37. Qf4 Qg4 38. Qxg4+ hxg4 39. Kf1 Kf5 40. Ke2 Nxd5 41. cxd5 Ke5 42. d6 Kxd6 43. Kd2 c4 44. Kc3 Kc5 45. Kc2 Kxb5 0-1

[Event "*** Titled Tuesday Blitz"]
[Site "Chess.com"]
[Date "2021.03.16"]
[Round "6"]
[White "SharapovEvgeny"]
[Black "eCztery"]
[Result "0-1"]
[WhiteElo "2476"]
[BlackElo "2417"]
[TimeControl "180+1"]
[EndTime "11:06:55 PDT"]
[Termination "eCztery won by resignation"]

1. c4 Nf6 2. Nc3 e6 3. e4 d5 4. e5 Ne4 5. Nxe4 dxe4 6. Qg4 Nc6 7. Qxe4 f5 8. exf6 Qxf6 9. Nf3 e5 10. Bd3 Bd6 11.
O-O Be6 12. b4 Nxb4 13. Bb2 Nxd3 14. Qxd3 O-O-O 15. Qe3 Bxc4 16. Rfc1 Bd5 17. Nxe5 Rhe8 18. f4 g5 19. Qxa7 b6 20. Qxb6 Bxe5 21. Rxc7+ Bxc7 22. Qxf6 Re2 23. Qf5+ Kb7 24. Rb1 Bb6+ 25. Bd4 Rxg2+ 26.
Kf1 Bc4+ 27. Kxg2 Rxd4 28. Rxb6+ Kxb6 29. Qf6+ Kc5 30. Qe5+ Bd5+ 31. Kf2 gxf4 32. Qc7+ Kb5 33. Qb8+ Kc5 34. Qa7+ Kc4 35. Qa5 Kd3 36. Qc3+ Ke4 37. a4 Rd3 38. Qb4+ Rd4 39. Qe7+ Kf5 40. Qf8+ Ke4 41.
Qe8+ Kf5 42. a5 Rxd2+ 43. Ke1 Rd4 44. a6 Re4+ 45. Qxe4+ Bxe4 46. a7 Ba8 0-1

[Event "*** Titled Tuesday Blitz"]
[Site "Chess.com"]
[Date "2021.03.16"]
[Round "6"]
[White "Fischerev7"]
[Black "blitzking1729"]
[Result "0-1"]
[WhiteElo "2394"]
[BlackElo "2619"]
[TimeControl "180+1"]
[EndTime "11:06:57 PDT"]
[Termination "blitzking1729 won on time"]

1. e4 Nf6 2. Nc3 d5 3. e5 d4 4.
exf6 dxc3 5. fxg7 cxd2+ 6. Qxd2 Qxd2+ 7. Bxd2 Bxg7 8. O-O-O Nc6 9. Bb5 Bd7 10. Nf3 Bf6 11. Rhe1 Rg8 12. g3 O-O-O 13. Be3 a6 14. Be2 Be6 15.
a3 Bd5 16. Nd4 Nxd4 17. Bxd4 e5 18. Be3 Be6 19. Rxd8+ Rxd8 20. Rd1 Rxd1+ 21. Kxd1 Kd7 22. Kd2 Bf5 23. c4 b6 24. b4 Be7 25. Kc3 c5 26.
Bf3 e4 27. Bh5 Be6 28. bxc5 bxc5 29. Bd1 Bf6+ 30. Kb3 Bd4 31. h4 f5 32. Be2 Kd6 33. Ka4 Kc6 34. Ka5 Kb7 35. Ka4 Kb6 36. Kb3 Bd7 37. Bh5 Ka5 38. Bf7 Ba4+ 39. Ka2 Bd7 40. Kb3 Kb6 41. Bg8 h6 42. Bd5 Kc7 43. Bg8 Kd6 44. Bd5 Ke7 45. a4 Kd6 46. a5 Ke7 47.
Kc2 Ba4+ 48. Kd2 Kd6 49. Ke2 Bc3 50. Bd2 Bb4 0-1

[Event "*** Titled Tuesday Blitz"]
[Site "Chess.com"]
[Date "2021.03.16"]
[Round "6"]
[White "dennisodessa"]
[Black "Shuvalov"]
[Result "0-1"]
[WhiteElo "2352"]
[BlackElo "2487"]
[TimeControl "180+1"]
[EndTime "11:06:57 PDT"]
[Termination "Shuvalov won by resignation"]

1. d4 d5 2. c4 c6 3. Nf3 Nf6 4. Nbd2 Bf5 5. Nh4 Bg6 6. Qb3 Qc7 7. e3 e6 8. h3 Nbd7 9. Nxg6 hxg6 10. Be2 g5 11.
Nf3 g4 12. Ne5 gxh3 13. Rxh3 Rxh3 14. gxh3 Nxe5 15. dxe5 Ne4 16. f3 Qa5+ 17. Kf1 Nc5 18. Qc3 Qd8 19. b4 Na4 20. Qc2 Nb6 21. c5 Nd7 22.
Bb2 Qh4 23. Kg2 Qxb4 24. Bd4 Nxc5 25. Rb1 Qa3 26. Bxc5 Qxc5 27. Qxc5 Bxc5 28. Rxb7 Bxe3 29. Ba6 c5 30. Kg3 g5 31. Kg4 c4 32. h4 gxh4 33.
Kxh4 Bf4 34. Kg4 Bxe5 35. f4 Bd4 36. f5 Kf8 37. fxe6 fxe6 38. Kh5 Rd8 39. Kg6 Rd6 40. Rf7+ Ke8 41. Bb5+ Kd8 42. a4 a6 43. Rf8+ Kc7 44.
Be8 c3 45. a5 c2 46. Rf1 Be3 47. Rf7+ Kb8 48. Ba4 c1=Q 49. Rf8+ 0-1

[Event "*** Titled Tuesday Blitz"]
[Site "Chess.com"]
[Date "2021.03.16"]
[Round "6"]
[White "Anton_Demchenko"]
[Black "Vincent_Vega95"]
[Result "1-0"]
[WhiteElo "2889"]
[BlackElo "2748"]
[TimeControl "180+1"]
[EndTime "11:07:01 PDT"]
[Termination "Anton_Demchenko won by checkmate"]

1. e4 c5 2. Nf3 d6 3. d4 cxd4 4. Qxd4 a6 5. Be2 Nc6 6. Qe3 g6 7. O-O Bg7 8. h3 Nf6 9. Rd1 Nd7 10. c4 O-O 11. Nc3 Nc5 12. Bd2 f5 13. exf5 Bxf5 14. Be1 Kh8 15. b3 Qd7 16. Nd5 Qe6 17. Qxe6 Bxe6 18.
Rac1 a5 19. Bc3 Rad8 20. Bxg7+ Kxg7 21. Ng5 Bg8 22. h4 h6 23. Nh3 e6 24. Nc3 e5 25. f3 Nd4 26. Nf2 Rf4 27. Bd3 Be6 28. Be4 b6 29. Rd2 Rdf8 30. Ne2 Nxe2+ 31. Rxe2 Rd8 32.
g3 Rff8 33. Rd1 Kf6 34. Red2 Ke7 35. Kg2 Bc8 36. Bxg6 Bb7 37. Be4 Nxe4 38. Nxe4 b5 39. cxb5 d5 40. Nc5 Ba8 41. a4 Rc8 42. Nd3 e4 43.
Nf4 Rc3 44. fxe4 dxe4 45. Rd7+ Kf6 46. R1d6+ Ke5 47. Kh3 Rg8 48. Re6+ Kf5 49. Rf7# 1-0

[Event "*** Titled Tuesday Blitz"]
[Site "Chess.com"]
[Date "2021.03.16"]
[Round "6"]
[White "ellennilssen"]
[Black "FMalexhdez"]
[Result "0-1"]
[WhiteElo "2257"]
[BlackElo "2201"]
[TimeControl "180+1"]
[EndTime "11:07:01 PDT"]
[Termination "FMalexhdez won by checkmate"]

1. e4 c5 2. Nf3 d6 3. d4 cxd4 4. Nxd4 Nf6 5. Nc3 a6 6. Be3 e5 7. Nb3 Be6 8. Qd2 Nbd7 9. O-O-O Rc8 10. Kb1 b5 11. f3 h5 12. Nd5 Nxd5 13. exd5 Bf5 14.
Bd3 Bxd3 15. Qxd3 Be7 16. Rhe1 O-O 17. h3 f5 18. g4 f4 19. Bf2 h4 20. Qd2 Nb6 21. Bxb6 Qxb6 22. Na5 Rc5 23. Nc6 Bf6 24. Re4 Rc8 25. Qd3 a5 26. Re2 b4 27. Qf5 Qa6 28.
Red2 Re8 29. Qd7 Qc8 30. Qxd6 Rc4 31. Nxa5 Rc5 32. Nc6 Rc4 33. Nxb4 e4 34. fxe4 Be7 35.
Qe6+ Qxe6 36. dxe6 Rxb4 37. a3 Rxe4 38. Rd7 Rxe6 39. Rb7 f3 40. Rf1 Rf8 41. a4 f2 42.
Ka2 Re1 43. Rxf2 Rxf2 44. Ra7 Rxc2 45. a5 Bf6 46. Rb7 Ree2 47. a6 Rxb2+ 48. Rxb2 Rxb2+ 49. Ka3 Rb1 50. Ka4 Ra1+ 51. Kb5 Bd4 52. Kc4 Rxa6 53.
Kxd4 Ra3 54. Ke4 Rxh3 55. Kf4 Rg3 56. Kg5 h3 57. Kh5 h2 58. Kg5 h1=Q 59. Kf5 Qf3+ 60. Kg5 Rxg4+ 61. Kh5 Qh3# 0-1

[Event "*** Titled Tuesday Blitz"]
[Site "Chess.com"]
[Date "2021.03.16"]
[Round "6"]
[White "Kurkusha"]
[Black "NishaOnYoutube"]
[Result "1-0"]
[WhiteElo "2350"]
[BlackElo "2135"]
[TimeControl "180+1"]
[EndTime "11:07:02 PDT"]
[Termination "Kurkusha won on time"]

1. Nf3 d5 2. e3 Nf6 3. c4 e6 4.
Nc3 Be7 5. b3 b6 6. cxd5 exd5 7.
Bb5+ c6 8. Be2 O-O 9. Bb2 Bg4 10. O-O Nbd7 11. h3 Bh5 12. Rc1 Nc5 13. Ne5 Bxe2 14. Qxe2 Rc8 15. f4 Qd6 16. Ba3 Qc7 17. d4 Nb7 18. Nb5 cxb5 19. Rxc7 Rxc7 20. Bxe7 Rxe7 21. Qxb5 Nd6 22. Qa6 Rc7 23. Qa3 Nde4 24. Rc1 Rfc8 25. Rxc7 Rxc7 26. Ng4 Nxg4 27. hxg4 g6 28. f5 Kg7 29.
Kh2 gxf5 30. gxf5 Kf6 31. Qf8 Kxf5 32. Qh6 Rc3 33. Qxh7+ Ke6 34. Qh3+ Ke7 35. Qh4+ Ke6 36. Qg4+ Kd6 37. Qf4+ Kc6 38. Qxf7 Rxe3 39. Qe6+ Kc7 40. Qxd5 Nd6 41. Qg5 Rc3 42. d5 Rc2 43. Qg7+ Kb8 44.
Qf8+ Nc8 45. Qf4+ Kb7 46. Qf7+ Kb8 47. a4 a5 48. Qe6 Kb7 49. d6 Rd2 50. d7 Na7 51.
Qe7 1-0

[Event "*** Titled Tuesday Blitz"]
[Site "Chess.com"]
[Date "2021.03.16"]
[Round "6"]
[White "djano"]
[Black "Rodalquilar"]
[Result "0-1"]
[WhiteElo "2497"]
[BlackElo "2673"]
[TimeControl "180+1"]
[EndTime "11:07:04 PDT"]
[Termination "Rodalquilar won by resignation"]

1. e4 d5 2. exd5 Qxd5 3. Nf3 Bg4 4. Be2 Nc6 5. h3 Bxf3 6. Bxf3 Qe6+ 7. Qe2 Qxe2+ 8.
Bxe2 O-O-O 9. c3 e5 10. d3 f5 11. Nd2 Nf6 12. Nc4 g6 13. Bg5 Bg7 14. O-O-O h6 15.
Be3 g5 16. Kc2 Rhe8 17. Bc1 e4 18. Rhe1 f4 19. dxe4 Rxd1 20. Bxd1 Rxe4 21. Rxe4 Nxe4 22.
Bg4+ Kd8 23. f3 Nf6 24. Bf5 b5 25. Nd2 b4 26. Ne4 Nd5 27. Be6 Nb6 28. Bd2 Ke7 29.
Bb3 a5 30. a4 bxa3 31. bxa3 a4 32. Ba2 Na5 33. Nc5 Kd6 34. Nd3 Nac4 35. Bc1 c5 36.
Nf2 Kc6 37. Kd3 Nd6 38. Ne4 c4+ 39. Ke2 Nb5 40. Bb2 Bf8 41. Nd2 Bxa3 42. Ba1 Kd5 43. Ne4 Bc1 44. Nf6+ Ke6 45. Ne4 a3 46. Nc5+ Kd5 47. Na6 Bb2 48. Nb4+ Kc5 49. Nc2 Nxc3+ 50. Kd2 Nxa2 0-1

[Event "*** Titled Tuesday Blitz"]
[Site "Chess.com"]
[Date "2021.03.16"]
[Round "6"]
[White "GMaka"]
[Black "hypert"]
[Result "0-1"]
[WhiteElo "2458"]
[BlackElo "2570"]
[TimeControl "180+1"]
[EndTime "11:07:04 PDT"]
[Termination "hypert won on time"]

1. d4 d5 2. Nf3 Nf6 3. Bf4 c5 4. e3 Nc6 5. c3 Qb6 6. Qb3 c4 7. Qc2 Bf5 8. Qc1 e6 9. Nbd2 Be7 10. h3 h6 11. Be2 Qd8 12. Ne5 Nxe5 13. Bxe5 O-O 14. g4 Bh7 15. h4 Nd7 16. Bg3 b5 17. a3 a5 18. g5 hxg5 19. hxg5 Bxg5 20. Nf3 Bh6 21. Qd2 b4 22. axb4 axb4 23. Rxa8 Qxa8 24. Bd6 bxc3 25. bxc3 Rc8 26. O-O Rc6 27. Bg3 Ra6 28. Rc1 Ra2 29. Qe1 Be4 30. Nd2 Nf6 31. Be5 Bd3 32.
Bxf6 gxf6 33. Bf1 Bxf1 34. Nxf1 f5 35. Nh2 Qd8 36. Nf3 f4 37. e4 Qf8 38. exd5 exd5 39. Ra1 Rxa1 40. Qxa1 Qc8 41. Kf1 Qh3+ 42. Ke2 Qf5 43.
Qa8+ Bf8 44. Ne5 f3+ 45. Kd2 Qf4+ 46. Kc2 Qe4+ 47. Kb2 Qe2+ 48. Kb1 Qe1+ 49. Kb2 Qxf2+ 50. Kb1 Qe1+ 51. Kb2 Qe2+ 52. Kb1 Qe4+ 53. Kb2 f2 54. Nd7 Qe2+ 0-1

[Event "*** Titled Tuesday Blitz"]
[Site "Chess.com"]
[Date "2021.03.16"]
[Round "6"]
[White "Grineva_Marianna"]
[Black "DinaBelenkaya"]
[Result "0-1"]
[WhiteElo "2253"]
[BlackElo "2377"]
[TimeControl "180+1"]
[EndTime "11:07:04 PDT"]
[Termination "DinaBelenkaya won by resignation"]

1. e4 d5 2. exd5 Qxd5 3. Nc3 Qa5 4. Bc4 Nf6 5. d3 g6 6. Qe2 Bg7 7. Bd2 Qb6 8. O-O-O O-O 9. h3 Nc6 10. Nf3 e6 11. g4 a5 12. Be3 Qb4 13. a3 Qe7 14. Nd2 Nd7 15. Nde4 b5 16. Bxb5 Nd4 17. Qf1 Nxb5 18.
Nxb5 Rb8 19. Nbc3 Bb7 20. f3 Bxe4 21. fxe4 Bxc3 22. bxc3 Qxa3+ 23. Kd2 Rb2 24. Rb1 Rfb8 25. Rxb2 Rxb2 26. Qc1 Qa2 27. Bd4 c5 28. Be3 Ne5 29. Rf1 c4 30. Bd4 Nxd3 31. Qa1 Rxc2+ 32. Ke3 Re2+ 33.
Kf3 a4 34. Qxa2 Rxa2 35. Rb1 e5 36. Rb8+ Kg7 37. Be3 a3 38. Ra8 Ra1 39. h4 a2 40.
Ke2 Re1+ 41. Kd2 a1=Q 42. Rxa1 Rxa1 43. h5 Ra2+ 44. Kd1 Rg2 45. h6+ Kg8 46. g5 Rg3 47. Bb6 Rg4 48. Bc7 Rxe4 49. Kd2 Rg4 50. Bd8 e4 51. Bf6 Rg2+ 52. Ke3 Rg4 53. Kd4 Nb2 54.
Ke3 Nd1+ 55. Kd4 e3+ 56. Kc5 e2 57. Kd6 e1=Q 0-1

[Event "*** Titled Tuesday Blitz"]
[Site "Chess.com"]
[Date "2021.03.16"]
[Round "6"]
[White "Nemsko"]
[Black "annacramling"]
[Result "1-0"]
[WhiteElo "2311"]
[BlackElo "1998"]
[TimeControl "180+1"]
[EndTime "11:07:07 PDT"]
[Termination "Nemsko won on time"]

1. e4 c5 2. Nf3 Nc6 3. d4 cxd4 4. Nxd4 Nf6 5. Nc3 e6 6. a3 a6 7.
Be3 Be7 8. Bd3 O-O 9. O-O d5 10. exd5 exd5 11. h3 Be6 12. Qf3 Ne5 13. Qg3 Nxd3 14. cxd3 Bd6 15. Qf3 Rc8 16. Rfe1 Qd7 17. Bg5 Be7 18. Re2 Qd6 19. Rae1 h6 20. Bf4 Qd7 21.
Nxe6 fxe6 22. Rxe6 Bc5 23. R6e2 Nh7 24. Qg3 Qf7 25. Bxh6 Rc6 26. Be3 d4 27. Ne4 dxe3 28. Nxc5 Rxc5 29. Rxe3 Rg5 30. Qh4 Rh5 31. Qg3 Rg5 32.
Qh4 Qg6 33. g3 Rh5 34. Qc4+ Kh8 35. Kg2 Rhf5 36. R1e2 R5f7 37. Re6 Rf6 38. Re7 R6f7 39. R7e3 Nf6 40. d4 Rg8 41. d5 Rgf8 42. Rd3 Nd7 43. Rd4 Qf6 44. Rh4+ Kg8 45. Rf4 Qg6 46. Rg4 Qh6 47. Rh4 Qd6 48. Qd4 Ne5 49. Rhe4 Nf3 50. Qd3 Ng5 51. Rh4 Qe6 52. dxe6 Rxf2+ 53. Rxf2 1-0

[Event "*** Titled Tuesday Blitz"]
[Site "Chess.com"]
[Date "2021.03.16"]
[Round "6"]
[White "ridnani2021"]
[Black "ShahMatKanal"]
[Result "1/2-1/2"]
[WhiteElo "2353"]
[BlackElo "2468"]
[TimeControl "180+1"]
[EndTime "11:07:09 PDT"]
[Termination "Game drawn - insufficient material"]

1. e4 c5 2. Nf3 e6 3. b3 Nf6 4. e5 Nd5 5. Bb2 Nc6 6. g3 Be7 7. Bg2 O-O 8. O-O b6 9. c4 Nc7 10.
d4 cxd4 11. Nxd4 Bb7 12. Nxc6 Bxc6 13. Bxc6 dxc6 14. Nc3 Qxd1 15. Raxd1 Rfd8 16. Ne4 Ne8 17. f4 Rxd1 18. Rxd1 Rd8 19. Rxd8 Bxd8 20. Ba3 c5 21.
b4 cxb4 22. Bxb4 f6 23. Nd6 Nc7 24. Nb7 Na6 25. Bd6 Bc7 26. Kf2 fxe5 27. fxe5 Kf7 28. Ke3 Ke8 29. Kd4 Kd7 30. Bxc7 Kxc7 31. Nd6 Kd7 32.
Nb5 Nb4 33. a3 Nc6+ 34. Ke4 a6 35. Nd6 Na5 36. h4 Nc6 37. g4 Ne7 38. h5 h6 39.
Nf7 Nc6 40. Kf4 Na5 41. Nd6 Nb3 42. g5 Nc5 43. gxh6 gxh6 44. Nf7 Nd3+ 45. Ke4 Nf2+ 46.
Kd4 Nh1 47. Nxh6 Ng3 48. Ng4 Nxh5 49. Nf6+ Nxf6 50. exf6 Kd6 51. a4 e5+ 52. Ke4 Ke6 53.
f7 Kxf7 54. Kxe5 Ke7 55. Kd5 Kd7 56. c5 b5 57. axb5 axb5 58. c6+ Kc7 59. Kc5 b4 60. Kxb4 Kxc6 1/2-1/2

[Event "*** Titled Tuesday Blitz"]
[Site "Chess.com"]
[Date "2021.03.16"]
[Round "6"]
[White "IwkooO"]
[Black "1977Ivan"]
[Result "1/2-1/2"]
[WhiteElo "2635"]
[BlackElo "2808"]
[TimeControl "180+1"]
[EndTime "11:07:12 PDT"]
[Termination "Game drawn - insufficient material"]

1. e4 c5 2. Nc3 Nc6 3. Nge2 e6 4. d4 cxd4 5. Nxd4 Qc7 6. Be2 a6 7. O-O b5 8. a3 Bb7 9. Be3 Rc8 10. Nxc6 Qxc6 11.
f4 Nf6 12. Bf3 Bc5 13. Bxc5 Qxc5+ 14. Kh1 e5 15. Qd2 O-O 16. Rad1 Rfe8 17. Rfe1 h6 18. h3 a5 19. fxe5 Rxe5 20. Re2 b4 21. axb4 axb4 22. Nd5 Bxd5 23. exd5 Rxe2 24. Qxe2 Qxc2 25. Rd2 Qf5 26. Qe3 d6 27. Kh2 Rc4 28. Kg1 g5 29. Rf2 Qf4 30.
Qxf4 Rxf4 31. Rc2 h5 32. Rc6 g4 33. hxg4 hxg4 34. Be2 Nxd5 35. Rxd6 Ne3 36. Rd3 Nf5 37. Rd5 Kg7 38. Bd3 Nd4 39. Kh2 Ne6 40.
Kg3 Kf6 41. Be2 Re4 42. Bxg4 Re3+ 43. Bf3 Rb3 44. Rd2 Nc5 45. Kf2 Rxb2 46. Rxb2 Nd3+ 47.
Ke3 Nxb2 48. Be2 Na4 49. Kd4 b3 50. Kc4 b2 51. Bd3 Ke5 52. Bb1 Kf4 53. Kb3 Nc5+ 54.
Kxb2 Kg3 55. Kc3 Kxg2 56. Kd4 Nd7 57. Bf5 Nf8 58. Ke5 Ng6+ 59. Kf6 Nh4 60. Kxf7 1/2-1/2

[Event "*** Titled Tuesday Blitz"]
[Site "Chess.com"]
[Date "2021.03.16"]
[Round "6"]
[White "nrvisakh"]
[Black "Mikhail_Golubev"]
[Result "1-0"]
[WhiteElo "2797"]
[BlackElo "2542"]
[TimeControl "180+1"]
[EndTime "11:07:13 PDT"]
[Termination "nrvisakh won by resignation"]

1. e4 c5 2. Nf3 d6 3. d4 Nf6 4.
Nc3 cxd4 5. Nxd4 g6 6. Be3 Bg7 7. f3 Nc6 8. Bc4 O-O 9. Qd2 Nxd4 10. Bxd4 Be6 11. Bxe6 fxe6 12. O-O-O Qa5 13. Kb1 Rac8 14. h4 Rc6 15. h5 Nxh5 16. Bxg7 Kxg7 17. g4 Nf4 18.
Qh2 h5 19. gxh5 g5 20. Rdg1 Kh6 21. Nd5 Nxd5 22. exd5 Qxd5 23. Qe2 Qf5 24. f4 Qxf4 25. Rf1 Qe5 26. Qxe5 Rxf1+ 27. Rxf1 dxe5 28. Rf7 g4 29. Kc1 g3 30. Rf3 Kxh5 31. Rxg3 Kh6 32. a4 Rc4 33. b3 Rf4 34. Rg8 e4 35. Rb8 e3 36. Kd1 Rf1+ 37. Ke2 Rf2+ 38. Kxe3 Rxc2 39. Rxb7 Kg5 40. Kd3 Rh2 41.
Rxa7 Kf6 42. a5 e5 43. a6 Rh3+ 44. Kc4 Rh4+ 45. Kc5 e4 46. Rd7 e3 47. Rd1 Rh2 48.
b4 Rc2+ 49. Kb6 Ke5 50. b5 Ke4 51. a7 Ra2 52. Kb7 Kf3 53. a8=Q Rxa8 54. Kxa8 e2 55.
Ra1 e5 56. b6 Kf2 57. b7 e4 58. b8=Q 1-0

[Event "*** Titled Tuesday Blitz"]
[Site "Chess.com"]
[Date "2021.03.16"]
[Round "6"]
[White "IngOscarArdila"]
[Black "muchojogo"]
[Result "1-0"]
[WhiteElo "2288"]
[BlackElo "2416"]
[TimeControl "180+1"]
[EndTime "11:07:13 PDT"]
[Termination "IngOscarArdila won by checkmate"]

1. d4 Nf6 2. c4 c5 3. d5 b5 4. cxb5 a6 5. bxa6 g6 6. Nc3 Bg7 7. e4 O-O 8. Nf3 Qa5 9. Bd2 Bxa6 10. Be2 Bxe2 11. Qxe2 Qa6 12. a4 e6 13. Qxa6 Nxa6 14. Ke2 exd5 15. exd5 Nb4 16. Be3 Nfxd5 17. Bxc5 Rfe8+ 18.
Kd2 Bh6+ 19. Be3 Nxe3 20. fxe3 Bxe3+ 21. Kd1 Nd3 22. Kc2 Nb4+ 23. Kb3 Rab8 24. Nb5 Nc6 25. Rhd1 Rb7 26. Kc3 Bh6 27. b4 Bg7+ 28. Nfd4 Re3+ 29. Kc4 Ne5+ 30. Kd5 Nd3 31. Rab1 Nf4+ 32. Kc4 Nxg2 33. a5 Re4 34. a6 Rb8 35. a7 Ra8 36. Ra1 Ne3+ 37.
Kd3 Rxd4+ 38. Nxd4 Nxd1 39. Ra6 Nf2+ 40. Kc4 Ne4 41. Nb5 Be5 42. Kd5 Nc3+ 43. Nxc3 Bxc3 44. b5 Bd2 45. b6 Bf4 46. b7 Rxa7 47. Rxa7 Bxh2 48.
Ra8+ Kg7 49. Rd8 Bb8 50. Rxd7 h5 51. Rd8 Bc7 52. Rc8 Bf4 53. Kc6 h4 54. Rc7 h3 55.
b8=Q h2 56. Qb1 Be3 57. Qh1 Bg1 58. Qf3 Kh6 59. Rxf7 g5 60. Qh3+ Kg6 61. Qf5+ Kh6 62. Rh7# 1-0

[Event "*** Titled Tuesday Blitz"]
[Site "Chess.com"]
[Date "2021.03.16"]
[Round "6"]
[White "Sergey85Rodchenkov"]
[Black "dosto07"]
[Result "1-0"]
[WhiteElo "2534"]
[BlackElo "2360"]
[TimeControl "180+1"]
[EndTime "11:07:18 PDT"]
[Termination "Sergey85Rodchenkov won on time"]

1. e4 e5 2. Nf3 Nc6 3. Bc4 Bc5 4. d3 d6 5. c3 Nf6 6. O-O a6 7. Re1 Ba7 8. Bb3 O-O 9. Bg5 Ne7 10. Bxf6 gxf6 11.
Nbd2 Ng6 12. Nc4 Kh8 13. Ne3 Nf4 14. g3 Nh3+ 15. Kg2 Rg8 16. Nh4 f5 17. Nhxf5 Bxf5 18. Nxf5 Nxf2 19. Qf3 Qg5 20. Re2 Ng4 21. Bxf7 Rgf8 22.
Bb3 Nh6 23. Rf1 Rf6 24. h3 Raf8 25. g4 Nxf5 26. exf5 h5 27. Qg3 h4 28. Qf3 c6 29.
Kh1 Bb8 30. d4 exd4 31. cxd4 d5 32. Qf2 Bg3 33. Qe3 Qxe3 34. Rxe3 R8f7 35. Kg2 Kg7 36.
Kf3 Kh6 37. Ke2 Kg5 38. Bc2 Rd6 39. Re8 Rdd7 40. Kd3 Rde7 41. Rxe7 Rxe7 42. Bd1 Bf4 43. Rf3 Bg3 44. f6 Rf7 45. Ke2 Rxf6 46. Rxf6 Kxf6 47.
Bc2 Kg5 48. Bf5 Bf4 49. Bc8 b6 50. Bb7 Bc1 51. b3 Bb2 52. Bxc6 Bxd4 53. Bxd5 a5 54. Kf3 Bc5 55. Ke4 Bf2 56. Bc4 Bg3 57. Bf1 Bf2 58. Kd5 Bg1 59. Ke4 Bf2 60. a4 Bg1 61. Kf3 Bf2 62. Kxf2 1-0

[Event "*** Titled Tuesday Blitz"]
[Site "Chess.com"]
[Date "2021.03.16"]
[Round "6"]
[White "Mrlammy"]
[Black "MustafayevFarid2004"]
[Result "0-1"]
[WhiteElo "2319"]
[BlackElo "2470"]
[TimeControl "180+1"]
[EndTime "11:07:19 PDT"]
[Termination "MustafayevFarid2004 won by checkmate"]

1. e4 c6 2. d4 d5 3. e5 Bf5 4. Nd2 e6 5. Nb3 Nd7 6. Nf3 Ne7 7. Be2 h6 8. O-O g5 9. c4 dxc4 10. Bxc4 Nb6 11. Bd3 Qd5 12. Bxf5 Nxf5 13. Qe2 O-O-O 14. h3 Be7 15. Be3 Rhg8 16. Nfd2 h5 17. Qxh5 g4 18.
hxg4 Rh8 19. Qxf7 Rdf8 20. Qg6 Rfg8 21. gxf5 Rxg6 22. fxg6 Rg8 23. f3 Rxg6 24. Ne4 Nc4 25. Bf4 a5 26. Rac1 Nxb2 27. Nc3 Qd8 28. Rb1 Nd3 29. Be3 Qg8 30. g4 Bh4 31. Nxa5 Rxg4+ 32. fxg4 Qxg4+ 33. Kh1 Qh3+ 34. Kg1 Qxe3+ 35. Kh2 Qg3+ 36. Kh1 Nf2+ 37. Rxf2 Qxf2 38. Nd1 Qf3+ 39. Kg1 Qg4+ 40. Kh1 Qe4+ 41. Kh2 Qxb1 42. Ne3 Qxa2+ 43. Kh3 Qxa5 44. Kxh4 Qc3 45. Ng4 Qxd4 46. Kg5 Qxg4+ 47. Kxg4 Kd7 48. Kf4 b6 49. Ke4 b5 50. Kd4 Kc7 51. Kc5 Kd7 52.
Kb6 b4 53. Kc5 b3 54. Kc4 b2 55. Kc3 b1=Q 56. Kd4 Qb5 57. Ke3 Qd5 58. Kf4 c5 59. Kg5 Qxe5+ 60. Kg6 c4 61. Kf7 c3 62. Kf8 Qf6+ 63. Kg8 Qe7 64. Kh8 c2 65. Kg8 c1=Q 66. Kh8 Qc8# 0-1

[Event "*** Titled Tuesday Blitz"]
[Site "Chess.com"]
[Date "2021.03.16"]
[Round "6"]
[White "ErikRonka"]
[Black "Matols"]
[Result "1-0"]
[WhiteElo "2436"]
[BlackElo "2289"]
[TimeControl "180+1"]
[EndTime "11:07:21 PDT"]
[Termination "ErikRonka won by resignation"]

1. d4 Nf6 2. Nf3 e6 3. g3 b6 4. Bg2 Bb7 5. O-O Be7 6. c4 O-O 7.
Ne1 Bxg2 8. Nxg2 d5 9. Qd3 c6 10. Nc3 Nbd7 11. b3 Rc8 12. Nf4 Re8 13. Bb2 Bd6 14. Qd2 Qe7 15. Nd3 Ne4 16. Nxe4 dxe4 17. Ne1 e5 18. d5 Bc5 19. Ng2 Nf6 20. dxc6 Rxc6 21. Rad1 Ng4 22. Qd7 Rcc8 23. Qxe7 Rxe7 24. h3 Nf6 25. Kh2 Kf8 26. e3 Ke8 27. Nh4 g6 28.
Ng2 Rd8 29. Rxd8+ Kxd8 30. Rd1+ Kc7 31. Ne1 Nd7 32. Kg2 f6 33. g4 Nf8 34. Nc2 Ne6 35.
Kf1 Ng5 36. h4 Nf3 37. h5 gxh5 38. gxh5 Rg7 39. Ke2 Rg2 40. b4 Bf8 41. c5 bxc5 42. bxc5 Bxc5 43. Na1 Rh2 44. Nb3 Bb4 45. Rc1+ Kb7 46.
a3 Bd6 47. Na5+ Kb8 48. Rd1 Bc7 49. Nc6+ Kb7 50. Ne7 Rxh5 51. Nd5 Bb6 52. Nxf6 Rh2 53. Nxe4 Nh4 54. Nd6+ Kc6 55. Bxe5 Nf5 56. Bxh2 Nxe3 57. fxe3 1-0

[Event "*** Titled Tuesday Blitz"]
[Site "Chess.com"]
[Date "2021.03.16"]
[Round "6"]
[White "Jumbo"]
[Black "Msb2"]
[Result "1-0"]
[WhiteElo "2835"]
[BlackElo "2912"]
[TimeControl "180+1"]
[EndTime "11:07:22 PDT"]
[Termination "Jumbo won by resignation"]

1. d4 d5 2. c4 e6 3. Nf3 Nf6 4. g3 Bb4+ 5. Bd2 a5 6. Bg2 O-O 7.
O-O dxc4 8. Qc2 Bxd2 9. Nbxd2 b5 10. Ne5 Ra6 11. e3 a4 12. b3 cxb3 13. axb3 a3 14.
b4 Qd6 15. Nd3 Nc6 16. Qb3 Nd5 17. Ne4 Qd8 18. Nec5 Ra7 19. Rxa3 Rxa3 20. Qxa3 Nce7 21. Rc1 c6 22. Nb3 Bd7 23. Qa7 f6 24. Na5 Be8 25. Bh3 Nf5 26. e4 Rf7 27. Qc5 Nc3 28. Qxc3 Nxd4 29. Bf1 Rc7 30. Nc5 e5 31. Nab3 Bf7 32.
Nxd4 exd4 33. Qd2 Ra7 34. Rd1 h5 35. h4 Qe7 36. Qxd4 Ra2 37. Qd8+ Qxd8 38. Rxd8+ Kh7 39. Bd3 Ra1+ 40. Kg2 Bc4 41. Bxc4 bxc4 42. Rd4 Rc1 43. Ne6 c3 44. Rc4 c2 45. Nf4 g5 46. Ne2 Rb1 47. Rxc2 gxh4 48. gxh4 Rxb4 49. Ng3 Rb6 50. Nxh5 Kg6 51.
Ng3 Kf7 52. h5 Ke6 53. f4 Kd6 54. h6 Rb7 55. Nf5+ Ke6 56. Rxc6+ Kf7 57. Nd6+ Kg6 58.
Nxb7 Kh5 59. Rxf6 Kh4 60. h7 Kg4 61. Nd6 1-0

[Event "*** Titled Tuesday Blitz"]
[Site "Chess.com"]
[Date "2021.03.16"]
[Round "6"]
[White "barbara25"]
[Black "karinachess1"]
[Result "0-1"]
[WhiteElo "2257"]
[BlackElo "2516"]
[TimeControl "180+1"]
[EndTime "11:07:22 PDT"]
[Termination "karinachess1 won by resignation"]

1. e4 e5 2. Nf3 Nc6 3. d4 exd4 4. Nxd4 Bc5 5. Nb3 Bb6 6. Nc3 Nf6 7. Qe2 O-O 8. Be3 Re8 9. f3 d5 10. Bxb6 axb6 11.
O-O-O d4 12. Qf2 Be6 13. Nxd4 Nxd4 14. Qxd4 Qe7 15. a3 Red8 16. Qe3 Rxd1+ 17. Nxd1 Nd7 18. Be2 c6 19. Nc3 b5 20. Nb1 b4 21. axb4 Qxb4 22. Qc3 Qb6 23. Na3 Nc5 24. Bc4 Na4 25. Qb3 Bxc4 26. Nxc4 Qxb3 27. cxb3 Nc5 28. Kc2 Rd8 29. Re1 Kf8 30. b4 Na6 31. Kc3 Nc7 32.
Re2 Nb5+ 33. Kc2 Nd4+ 34. Kd3 Nxe2+ 35. Kxe2 Ke7 36. Nd2 f6 37. Nb3 b6 38. Nd2 Ke6 39.
Nc4 b5 40. Na5 Kd7 41. Nb7 Ra8 42. Nc5+ Ke7 43. Nd3 Ra1 44. h3 h5 45. Ke3 g5 46.
g3 Rh1 47. Kf2 Rd1 48. Ke3 Rb1 49. f4 h4 50. gxh4 gxh4 51. Kf3 Rd1 52. Nc5 Rd2 53. Kg4 Rxb2 54. Na6 Ra2 55. Nc5 Rb2 56. Na6 c5 57.
Nxc5 Rxb4 58. Kxh4 Rc4 59. Nd3 b4 60. Kg4 b3 61. h4 Rc3 62. Nb2 Rc2 63. Na4 b2 64. Nxb2 Rxb2 65. h5 Rh2 66. e5 Ke6 0-1